 Dungeon Crawl Stone Soup version 0.25-b1-23-ge2ad7d536c (webtiles) character file.

Game seed: 14297371802322340957, levelgen mode: deterministic

556740 HungrySpirit the Executioner (level 26, -2/177 HPs)
             Began as a Gargoyle Fighter on June 3, 2020.
             Was the Champion of Okawaru.
             Slain by a yellow draconian
             ... wielding a +0 long sword
              (6 damage)
             ... while paralysed
             ... on level 4 of the Realm of Zot on June 4, 2020.
             The game lasted 02:56:40 (70741 turns).

HungrySpirit the Executioner (Gargoyle Fighter)    Turns: 70741, Time: 02:56:41

Health: -2/177     AC: 51    Str: 24    XL:     26   Next: 50%
Magic:  5/32       EV:  2    Int: 14    God:    Okawaru [******]
Gold:   2634       SH:  0    Dex: 18    Spells: 25/25 levels left

rFire    + + +     SeeInvis +   u - +9 broad axe of the Final Chapter {elec, rElec rC+ Dex-5}
rCold    + + +     Gourm    .   c - +0 kite shield
rNeg     + . .     Faith    .   w - +1 crystal plate armour
rPois    ∞         Spirit   .   P - +1 hat of Hatireu {rF++ rC+}
rElec    +         Reflect  +   X - scarf {repulsion}
rCorr    +         Harm     .   l - +0 pair of gloves of Wisdom {rElec rC+ MR+ rCorr}
MR       +++++                  h - +0 pair of boots of Indemnity {+Blink rPois rCorr Dex+3}
Stlth    ..........             x - amulet of reflection
HPRegen  0.39/turn              O - ring "Bausouce" {+Inv MR+++ Slay+4 SInv Stlth+}
MPRegen  0.23/turn              y - ring "Igafut" {rF+ MP+9 Str+2 Int+2 Dex+4}

@: paralysed, berserk cooldown, slowed, repel missiles
A: big wings, negative energy resistance 1, screaming 2, electricity resistance,
unbreathing, petrification resistance, rot immunity, AC +20
}: 3/15 runes: barnacled, abyssal, gossamer
a: Fly, Heroism, Finesse, Renounce Religion, Evoke Blink, Evoke Invisibility


You were on level 4 of the Realm of Zot.
You worshipped Okawaru.
Okawaru was exalted by your worship.
You were not hungry.

You visited 10 branches of the dungeon, and saw 48 of its levels.
You visited the Abyss 4 times.
You visited 1 bazaar.
You also visited: Ossuary, Gauntlet and Ice Cave.

You collected 7020 gold pieces.
You spent 4386 gold pieces at shops.

Inventory:

Hand Weapons
 t - a +9 broad axe of flaming
 u - the +9 broad axe of the Final Chapter (weapon) {elec, rElec rC+ Dex-5}
   (You bought it in a shop on level 4 of the Vaults)

   Occasionally, upon striking a foe, it will discharge some electrical energy
   and cause terrible harm.
   It affects your dexterity (-5).
   It protects you from cold.
   It insulates you from electricity.
Armour
 c - a +0 kite shield (worn)
 h - the +0 pair of boots of Indemnity (worn) {+Blink rPois rCorr Dex+3}
   (You bought it in a shop on level 2 of the Orcish Mines)

   It affects your dexterity (+3).
   It protects you from poison.
   It lets you blink.
   It provides partial protection from all sources of acid and corrosion.
 l - the +0 pair of gloves of Wisdom (worn) {rElec rC+ MR+ rCorr}
   (Okawaru gifted it to you on level 4 of the Shoals)

   It protects you from cold.
   It insulates you from electricity.
   It affects your resistance to hostile enchantments.
   It provides partial protection from all sources of acid and corrosion.
 p - the +2 hat of the Bear Spirit {Spirit, +Rage rN+ MR++}
   (You bought it in a shop on level 14 of the Dungeon)

   It protects you from negative energy.
   It affects your resistance to hostile enchantments.
   It lets you go berserk.
 w - a +1 crystal plate armour (worn)
 P - the +1 hat of Hatireu (worn) {rF++ rC+}
   (Okawaru gifted it to you on level 1 of the Realm of Zot)

   It greatly protects you from fire.
   It protects you from cold.
 W - the +0 helmet "Haenwog" {rC- rCorr Dex+7 Slay+3}
   (You found it on level 2 of the Depths)

   It affects your dexterity (+7).
   It affects your accuracy and damage with ranged weapons and melee attacks
   (+3).
   It makes you vulnerable to cold.
   It provides partial protection from all sources of acid and corrosion.
 X - a scarf of repulsion (worn)
Jewellery
 b - a +4 ring of evasion
 q - a +6 ring of intelligence
 v - the ring of Fonu {rC+ rN+ MR+ Str+6 Int-4}
   (You found it on level 2 of the Depths)

   [ring of strength]

   It affects your strength (+6).
   It affects your intelligence (-4).
   It protects you from cold.
   It protects you from negative energy.
   It affects your resistance to hostile enchantments.
 x - an amulet of reflection (around neck)
 y - the ring "Igafut" (right hand) {rF+ MP+9 Str+2 Int+2 Dex+4}
   (You found it on level 4 of the Shoals)

   [ring of magical power]

   It affects your strength (+2).
   It affects your intelligence (+2).
   It affects your dexterity (+4).
   It protects you from fire.
   It affects your magic capacity (+9).
 O - the ring "Bausouce" (left hand) {+Inv MR+++ Slay+4 SInv Stlth+}
   (You found it on level 2 of the Depths)

   [ring of slaying]

   It affects your accuracy and damage with ranged weapons and melee attacks
   (+4).
   It affects your resistance to hostile enchantments.
   It lets you see invisible.
   It lets you turn invisible.
   It makes you more stealthy.
 Q - an uncursed amulet of regeneration (quivered)
 U - an uncursed ring of protection from fire
 V - an uncursed ring of protection from cold
Wands
 e - a wand of disintegration (43)
 n - a wand of flame (63)
 r - a wand of polymorph (26)
 A - a wand of digging (17)
 F - a wand of enslavement (22)
 L - a wand of iceblast (21)
 S - a wand of paralysis (19)
 T - a wand of random effects (50)
 Z - a wand of acid (16)
Scrolls
 g - 22 scrolls of remove curse
 j - 5 scrolls of enchant armour
 o - 2 scrolls of holy word
 z - 6 scrolls of enchant weapon
 E - 5 scrolls of blinking
 I - 7 scrolls of fog
 K - 7 scrolls of teleportation
 N - 5 scrolls of fear
Potions
 d - 8 potions of stabbing
 i - 6 potions of brilliance
 k - 10 potions of cancellation
 m - 9 potions of lignification
 B - 4 potions of magic
 C - 8 potions of curing
 D - 4 potions of ambrosia
 H - 2 potions of resistance
 M - a potion of haste
 R - 6 potions of mutation
 Y - 3 potions of might
Miscellaneous
 s - a lightning rod (4/4)
 J - 2 phantom mirrors
Comestibles
 f - 60 rations


   Skills:
 + Level 21.5 Fighting
 * Level 25.7 Axes
 + Level 18.2 Armour
 * Level 15.4 Dodging
 - Level 15.0 Shields


You had 25 spell levels left.
You didn't know any spells.
Your spell library contained the following spells:

 Spells                   Type           Power        Failure   Level  Hunger
 Animate Skeleton         Necr           N/A          99%         1    ##.....
 Apportation              Tloc           #.....       99%         1    ##.....
 Beastly Appendage        Tmut           #.....       99%         1    ##.....
 Corona                   Hex            #......      99%         1    ##.....
 Foxfire                  Conj/Fire      #...         99%         1    ##.....
 Infusion                 Chrm           #...         99%         1    ##.....
 Magic Dart               Conj           #...         99%         1    ##.....
 Pain                     Necr           #...         99%         1    ##.....
 Sting                    Tmut/Pois      #...         99%         1    ##.....
 Summon Butterflies       Summ           #.......     99%         1    ##.....
 Summon Small Mammal      Summ           #...         99%         1    ##.....
 Blink                    Tloc           N/A          100%        2    ###....
 Call Imp                 Summ           #.......     100%        2    ###....
 Ensorcelled Hibernation  Hex/Ice        #.....       100%        2    ###....
 Poisonous Vapours        Pois/Air       #.....       100%        2    ###....
 Searing Ray              Conj           #.....       100%        2    ###....
 Shroud of Golubria       Chrm/Tloc      #.....       100%        2    ###....
 Slow                     Hex            #.......     100%        2    ###....
 Song of Slaying          Chrm           #.......     100%        2    ###....
 Sticks to Snakes         Tmut           #.......     100%        2    ###....
 Swiftness                Chrm/Air       #.......     100%        2    ###....
 Call Canine Familiar     Summ           #.......     100%        3    ####...
 Confusing Touch          Hex            #.......     100%        3    ####...
 Conjure Flame            Conj/Fire      #.......     100%        3    ####...
 Dazzling Flash           Conj/Hex       #.....       100%        3    ####...
 Gell's Gravitas          Tloc           #.........   100%        3    ####...
 Ignite Poison            Fire/Tmut/Pois #.......     100%        3    ####...
 Lesser Beckoning         Tloc           #.........   100%        3    ####...
 Mephitic Cloud           Conj/Pois/Air  #.......     100%        3    ####...
 Ozocubu's Armour         Chrm/Ice       #.......     100%        3    ####...
 Recall                   Summ/Tloc      N/A          100%        3    ####...
 Spectral Weapon          Hex/Chrm       #.......     100%        3    ####...
 Spider Form              Tmut/Pois      #.........   100%        3    ####...
 Summon Guardian Golem    Hex/Summ       #.......     100%        3    ####...
 Tukima's Dance           Hex            #.......     100%        3    ####...
 Vampiric Draining        Necr           #.........   100%        3    ####...
 Animate Dead             Necr           N/A          100%        4    #####..
 Fulminant Prism          Conj/Hex       #.........   100%        4    #####..
 Ice Form                 Ice/Tmut       #.......     100%        4    #####..
 Iskenderun's Mystic Bla  Conj/Tloc      #.......     100%        4    #####..
 Olgreb's Toxic Radiance  Pois           #.......     100%        4    #####..
 Petrify                  Tmut/Erth      #.......     100%        4    #####..
 Summon Ice Beast         Ice/Summ       #.......     100%        4    #####..
 Summon Lightning Spire   Summ/Air       #.......     100%        4    #####..
 Agony                    Necr           #.......     100%        5    ######.
 Alistair's Intoxication  Tmut/Pois      #.......     100%        5    ######.
 Blade Hands              Tmut           #.........   100%        5    ######.
 Borgnjor's Vile Clutch   Necr/Erth      #.........   100%        5    ######.
 Irradiate                Conj/Tmut      #.........   100%        5    ######.
 Metabolic Englaciation   Hex/Ice        #.........   100%        5    ######.
 Silence                  Hex/Air        #.........   100%        5    ######.
 Yara's Violent Unravell  Hex/Tmut       #.........   100%        5    ######.
 Darkness                 Hex            #.........   100%        6    #######
 Death Channel            Necr           #.........   100%        6    #######
 Eringya's Noxious Bog    Tmut/Pois      #.........   100%        6    #######
 Freezing Cloud           Conj/Ice/Air   #.........   100%        6    #######
 Invisibility             Hex            #.......     100%        6    #######
 Ozocubu's Refrigeration  Ice            #.........   100%        6    #######
 Shadow Creatures         Summ           N/A          100%        6    #######
 Simulacrum               Ice/Necr       #.........   100%        6    #######
 Starburst                Conj/Fire      #.........   100%        6    #######
 Ring of Flames           Chrm/Fire      #.........   100%        7    #######
 Sublimation of Blood     Necr           Unusable     N/A         2    N/A

Dungeon Overview and Level Annotations

Branches:
Dungeon (15/15)            Temple (0/1) D:5            Lair (6/6) D:11
 Shoals (4/4) Lair:3       Spider (4/4) Lair:3        Slime (0/5) Lair:5
    Orc (2/2) D:9             Elf (3/3) Orc:2        Vaults (4/5) D:13
  Crypt (1/3) Vaults:2     Depths (5/5) D:15            Zot (4/5) Depths:5
Ossuary (visited)           IceCv (visited)         Gauntlet (visited)

Altars:
Ashenzari
Cheibriados
Elyvilon
Fedhas
Makhleb
Nemelex Xobeh
Okawaru
Ru
Trog
Xom
The Shining One
Beogh

Shops:
D:8 =   D:9 [   D:14 :[*(   Orc:2 **[*   Elf:2 ?*   Shoals:4 !   Vaults:4 }((([
Depths:2 =%?

Portals:
Hell: Depths:1 Depths:2 Depths:3 Depths:5
Abyss: Depths:3
Pandemonium: Depths:3
Ziggurat: Depths:1

Annotations:
Lair:5 exclusion: 3 oklob plants
Shoals:4 exclusion: Roxanne, Roxanne
Elf:2 5 runed translucent doors, exclusion: 5 doors
Elf:3 1 exclusion
Zot:2 exclusion: 2 upstairs
Zot:3 exclusion: 2 upstairs


Innate Abilities, Weirdness & Mutations

You are resistant to torment.
Your stone body is resilient. (AC +20)
You are immune to poison.
Your large and strong wings let you fly indefinitely.
You resist negative energy. (rN+)
You are resistant to electric shocks. (rElec)
You can survive without breathing.
You are immune to petrification.
You are immune to rotting.
You sometimes yell uncontrollably at your foes.


Message History

Unknown command.
You closely miss the yellow draconian. The yellow draconian misses you.
You hear a roar!
Unknown command.
The purple draconian rages.
Unknown command.
You feel a strong urge to attack something.
Unknown command.
You are too berserk!
You are too berserk!
Unknown command.
You are too berserk!
You are no longer berserk.
You pass out from exhaustion.
You feel yourself slow down.
The yellow draconian hits you but does no damage.
A yellow draconian comes into view. It is wielding a +0 battleaxe.
You hear a loud "Zot"!
The yellow draconian hits you with a +0 long sword.
You die...

#...# #.#.#
#.#.d .#.#
#...# ..#
...# ..# ..#
..# # #.#
#.##.# #@#
#...
#d####d##.###
#d.)d[y.....#
#.####..#!#.#
#.d ......
#.. .#.......
##....%....##
.. .d..>...
....##.#?.#.#


You could see 2 draconians, a green draconian (berserk) and a purple draconian
(berserk).

Vanquished Creatures
  An ancient lich (Depths:5)
  4 juggernauts
  Sojobo (Depths:2)
  Frederick (Vaults:4)
  Margery (Vaults:4)
  Bai Suzhen (Shoals:4)
  Saint Roka (Depths:3)
  A bone dragon (Abyss:2)
  4 golden dragons
  Arachne (Spider:2)
  8 tentacled monstrosities
  Jorgrun (D:14)
  4 titans
  A deep elf master archer (Elf:3)
  2 deep elf blademasters (Elf:3)
  A tentacled starspawn (Abyss:3)
  A quicksilver dragon (Zot:3)
  3 sphinxes
  A kraken (Shoals:4)
  6 death cobs
  An ancient champion (Depths:2)
  3 shadow dragons
  Kirke (D:14)
  6 storm dragons
  6 draconian monks
  Donald (Shoals:1)
  3 tengu reavers
  2 iron dragons (Depths:4)
  2 orc warlords
  10 vault wardens
  5 deep elf sorcerers
  8 emperor scorpions
  A balrug (Depths:5)
  4 draconian scorchers
  Aizul (Shoals:1)
  3 ghost moths (Spider:4)
  6 fire giants
  Louise (Elf:2)
  3 draconian knights
  An angel (Abyss:3)
  7 deep elf elementalists (Elf:3)
  7 frost giants
  A caustic shrike zombie (D:15)
  15 ironheart preservers
  2 draconian annihilators
  3 draconian stormcallers
  A draconian shifter (Zot:1)
  13 very ugly things
  2 entropy weavers
  2 ophanim (Abyss:3)
  2 spriggan defenders
  8 deep elf demonologists
  5 vampire knights
  4 green draconians
  11 stone giants
  5 purple draconians
  12 yellow draconians
  4 spark wasps
  11 deep elf annihilators
  A spark wasp (shapeshifter) (Depths:3)
  A minotaur (Gauntlet)
  6 red draconians
  4 black draconians
  6 white draconians
  2 green deaths
  A death ooze (Gauntlet)
  A merfolk javelineer (Shoals:4)
  7 ettins
  4 merfolk impalers
  A crystal guardian (Vaults:4)
  Josephine (D:12)
  7 deep elf death magi
  10 fire dragons
  5 deep elf high priests
  Erolcha (Orc:1)
  7 great orbs of eyes
  10 yaktaur captains
  Harold (D:7)
  The ghost of Naggiasi the Slicer, a journeyman KoAs of Trog (D:12)
  A monstrous demonspawn (Depths:3)
  A catoblepas (D:14)
  7 ice dragons
  5 merfolk avatars
  18 vault guards
  6 hydras
  8 rakshasas
  4 spriggan air magi
  A quicksilver dragon skeleton (Abyss:3)
  15 centaur warriors
  9 ogre magi
  3 satyrs
  4 merfolk aquamancers
  3 death knights
  31 two-headed ogres
  2 alligator snapping turtles
  14 deep troll shamans
  13 dancing weapons
  2 vampire magi (Depths:1)
  A death scarab (Gauntlet)
  13 death yaks
  2 hell hogs (Abyss:3)
  Urug (Orc:1)
  11 deep troll earth magi
  4 spriggan berserkers
  3 tengu warriors (Depths:2)
  3 thrashing horrors (Abyss:2)
  6 orc high priests
  Sonja (Lair:3)
  2 sun demons (Depths:5)
  25 deep elf knights
  12 skeletal warriors
  A titan skeleton (D:15)
  3 shadow wraiths
  A wretched star (Abyss:2)
  5 iron trolls
  10 sea snakes
  3 spatial maelstroms
  7 flayed ghosts
  2 cherubim (Abyss:3)
  3 unseen horrors
  16 hell knights
  30 deep trolls
  21 deep elf archers
  7 wizards
  5 glowing orange brains
  A wolf spider zombie (D:15)
  2 lindwurms (Lair:6)
  15 orc knights
  A phantasmal warrior (Vaults:2)
  11 ironbrand convokers
  15 orb spiders
  3 harpies (shapeshifter)
  A mana viper (shapeshifter) (Depths:1)
  6 necromancers
  11 harpies (Shoals:4)
  5 orc sorcerers
  27 wolf spiders
  7 cyclopes
  39 ugly things
  58 deep elf magi
  15 fauns
  9 manticores
  21 large abominations
  3 worldbinders (Abyss:3)
  2 fire giant zombies (D:15)
  Maurice (D:12)
  A black mamba (shapeshifter) (Depths:3)
  11 moths of wrath
  A guardian serpent (Lair:6)
  5 water nymphs
  14 merfolk sirens
  An eye of devastation (Lair:5)
  3 ice statues (IceCv)
  5 smoke demons
  An orange demon (Depths:3)
  16 spiny frogs
  12 black mambas
  6 torpor snails
  12 vault sentinels
  A guardian serpent (shapeshifter) (Vaults:2)
  12 demonic crawlers
  A hellion (Abyss:2)
  3 freezing wraiths
  57 yaktaurs
  8 komodo dragons
  3 rime drakes
  5 ice devils (IceCv)
  A tormentor (Abyss:3)
  8 ancient zymes
  A tengu conjurer (Depths:2)
  A meliai (shapeshifter) (Depths:3)
  2 polar bears (Lair:2)
  26 jumping spiders
  3 wind drakes
  10 trolls
  4 tyrant leeches (Lair:6)
  A hornet (shapeshifter) (Vaults:4)
  19 merfolk
  A tyrant leech (shapeshifter) (Depths:1)
  18 hornets
  28 slime creatures
  14 blink frogs
  6 hippogriffs
  A raiju (shapeshifter) (Depths:1)
  A hippogriff (shapeshifter) (Vaults:1)
  A spectral black mamba (Gauntlet)
  5 raiju
  7 snapping turtles
  4 flying skulls (Abyss:2)
  5 dream sheep (Lair:5)
  A snapping turtle (shapeshifter) (Depths:3)
  29 water elementals
  Sigmund (D:3)
  An air elemental (Elf:2)
  A spriggan (shapeshifter) (D:11)
  2 vampires
  2 shadows
  9 wraiths
  55 redbacks
  27 tarantellas
  A tarantella (shapeshifter) (Depths:3)
  10 wyverns
  3 ynoxinuls
  5 basilisks
  A fire elemental (Elf:1)
  3 hogs (D:14)
  30 yaks
  2 hungry ghosts
  A human (shapeshifter) (Vaults:3)
  4 chaos spawn
  A spatial vortex (Abyss:2)
  A neqoxec (Abyss:3)
  Menkaure (D:5)
  A steam dragon (Lair:4)
  Edmund (D:4)
  An acid dragon (shapeshifter) (Depths:4)
  10 wargs
  A floating eye (shapeshifter) (Elf:2)
  A soldier ant (D:12)
  A soldier ant (shapeshifter) (Vaults:1)
  38 water moccasins
  5 floating eyes
  4 porcupines
  10 ice beasts
  67 orc warriors
  5 black bears
  4 sky beasts
  An eye of draining (Lair:5)
  32 ogres
  6 phantoms
  14 wolves
  16 boggarts
  7 crocodiles
  31 centaurs
  A snapping turtle skeleton (Abyss:3)
  11 bullfrogs
  17 small abominations
  2 earth elementals
  An elf skeleton (Abyss:3)
  A wyvern skeleton (D:11)
  A water moccasin skeleton (D:6)
  9 scorpions
  3 human simulacra
  6 wights
  8 killer bees (D:8)
  2 electric eels (Lair:1)
  4 howler monkeys
  10 crimson imps
  4 bullfrog zombies
  2 draconian simulacra (IceCv)
  33 starcursed masses
  3 quasits
  3 centaur zombies (Ossuary)
  An iron imp (Abyss:2)
  9 hounds
  34 orc wizards
  41 orc priests
  5 jellies
  5 centaur skeletons
  Jessica (D:2)
  2 bullfrog skeletons
  Natasha (thrice) (D:4)
  Terence (D:2)
  2 iguanas
  A hell rat (Lair:5)
  11 worker ants
  2 troll simulacra (IceCv)
  2 big kobold zombies (Ossuary)
  A centaur simulacrum (IceCv)
  A hound zombie (D:7)
  3 mummies (Ossuary)
  Robin (D:3)
  28 adders
  4 gnolls (D:5)
  2 ogre simulacra (IceCv)
  5 scorpion zombies (Ossuary)
  3 naga simulacra (IceCv)
  3 shadow imps
  3 white imps (Gauntlet)
  2 ufetubi (Abyss:2)
  An adder zombie (D:6)
  An adder skeleton (D:10)
  3 worms
  A dart slug (D:2)
  6 leopard geckos
  123 orcs
  2 ball pythons
  8 bats
  6 giant cockroaches
  3 gnoll zombies (Ossuary)
  25 goblins
  14 hobgoblins
  6 jackals
  4 quokkas
  2 frilled lizards
  A goblin zombie (Ossuary)
  2 hobgoblin zombies (Ossuary)
  13 kobolds
  A leopard gecko skeleton (D:8)
  2 orc zombies (Ossuary)
  4 quokka skeletons
  A quokka zombie (D:5)
  7 rats
  3 crawling corpses
  A fungus (Lair:3)
  3 lurking horrors
  8 plants
  A starspawn tentacle (Abyss:3)
  2 tentacles (Shoals:4)
  2 withered plants (D:15)
2247 creatures vanquished.

Vanquished Creatures (others)
  A tengu reaver (Depths:2)
  A fire giant (Depths:1)
  A ghost moth (Zot:4)
  2 ogre magi
  A deep elf archer (Elf:2)
  2 jumping spiders (Spider:4)
  2 merfolk (Shoals:4)
  A snapping turtle (Shoals:4)
  5 dream sheep (Lair:3)
  A human (D:14)
  2 boggarts
  A centaur (D:15)
  An orc priest (D:9)
  An adder (Lair:1)
  2 bushes
  20 fungi
  125 plants
  A starspawn tentacle (Abyss:3)
  3 tentacles (Shoals:4)
173 creatures vanquished.

Grand Total: 2420 creatures vanquished

Notes
Turn   | Place    | Note
-------+----------+-------------------------------------------
     0 | D:1      | HungrySpirit the Gargoyle Fighter began the quest for the
                  | Orb.
     0 | D:1      | Reached XP level 1. HP: 14/14 MP: 1/1
    75 | D:1      | Reached skill level 2 in Axes
   168 | D:1      | Reached XP level 2. HP: 18/19 MP: 2/2
   752 | D:1      | Reached XP level 3. HP: 23/23 MP: 3/3
  1047 | D:2      | Reached skill level 3 in Axes
  1047 | D:2      | Reached XP level 4. HP: 7/29 MP: 4/4
  1363 | D:2      | Noticed Terence
  1395 | D:2      | Noticed Jessica
  1413 | D:2      | Killed Terence
  1413 | D:2      | Reached XP level 5. HP: 32/33 MP: 5/5
  1420 | D:2      | Killed Jessica
  1781 | D:3      | Found an iron altar of Okawaru.
  1806 | D:3      | Found a faded altar of an unknown god.
  1835 | D:3      | Became a worshipper of Warmaster Okawaru
  1868 | D:3      | Noticed Robin
  1903 | D:3      | Killed Robin
  1903 | D:3      | Reached skill level 4 in Axes
  2098 | D:3      | Noticed Sigmund
  2130 | D:3      | Killed Sigmund
  2130 | D:3      | Reached XP level 6. HP: 14/40 MP: 6/6
  2813 | D:4      | Reached skill level 5 in Armour
  2821 | D:4      | Reached skill level 5 in Fighting
  2855 | D:4      | Reached XP level 7. HP: 35/44 MP: 7/7
  2858 | D:4      | Reached skill level 5 in Axes
  2862 | D:4      | Found a sand-covered staircase.
  2877 | Ossuary  | Entered an ossuary
  2941 | Ossuary  | Reached * piety under Okawaru
  3177 | Ossuary  | Reached XP level 8. HP: 51/51 MP: 8/8
  3206 | Ossuary  | Reached skill level 6 in Axes
  3438 | D:4      | Noticed Edmund
  3439 | D:4      | Reached ** piety under Okawaru
  3504 | D:4      | Killed Edmund
  3633 | D:4      | Noticed Natasha
  3638 | D:4      | Killed Natasha
  3885 | D:4      | Reached skill level 7 in Axes
  4127 | D:4      | Noticed Natasha
  4140 | D:4      | Killed Natasha
  4173 | D:4      | Noticed Natasha
  4190 | D:4      | Killed Natasha
  4675 | D:5      | Entered Level 5 of the Dungeon
  4687 | D:5      | Reached XP level 9. HP: 56/56 MP: 9/9
  4898 | D:5      | Reached *** piety under Okawaru
  4912 | D:5      | Noticed Menkaure
  4947 | D:5      | Killed Menkaure
  5083 | D:5      | Reached skill level 8 in Axes
  5151 | D:5      | Found a staircase to the Ecumenical Temple.
  5722 | D:5      | Found a shattered altar of Ashenzari.
  6071 | D:6      | Found a glowing golden altar of the Shining One.
  6326 | D:6      | Found a sparkling altar of Nemelex Xobeh.
  6528 | D:7      | Reached **** piety under Okawaru
  6617 | D:7      | Found a white marble altar of Elyvilon.
  6617 | D:7      | Found a sacrificial altar of Ru.
  6619 | D:7      | Found a blossoming altar of Fedhas.
  6621 | D:7      | Found a burning altar of Makhleb.
  6622 | D:7      | Found a snail-covered altar of Cheibriados.
  6626 | D:7      | Reached skill level 9 in Axes
  6880 | D:7      | Reached XP level 10. HP: 64/64 MP: 10/10
  7020 | D:7      | Noticed Harold
  7045 | D:7      | Killed Harold
  7133 | D:7      | You fall into a shaft and drop 1 floor!
  7165 | D:8      | Reached ***** piety under Okawaru
  7405 | D:8      | Reached skill level 10 in Axes
  8003 | D:8      | Received a gift from Okawaru
  8143 | D:8      | Found Roniusk's Jewellery Shop.
  8996 | D:9      | Found Urebrar's Armour Shoppe.
  8997 | D:9      | Found a staircase to the Orcish Mines.
  9236 | D:9      | Reached XP level 11. HP: 70/71 MP: 11/11
  9241 | D:9      | Found a shattered altar of Ashenzari.
  9270 | D:9      | Found a bloodstained altar of Trog.
  9674 | D:10     | Entered Level 10 of the Dungeon
  9689 | D:10     | Found a shattered altar of Ashenzari.
 10200 | D:10     | Killed an unseen horror
 10200 | D:10     | Reached skill level 11 in Axes
 10342 | D:10     | Found a blossoming altar of Fedhas.
 10601 | D:10     | Reached skill level 5 in Shields
 10734 | D:10     | Reached skill level 10 in Fighting
 10734 | D:10     | Reached skill level 10 in Armour
 11438 | D:11     | Received a gift from Okawaru
 11484 | D:11     | Found a staircase to the Lair.
 11766 | D:11     | Noticed a two-headed ogre
 11785 | D:11     | Killed a two-headed ogre
 12101 | Lair:1   | Entered Level 1 of the Lair of Beasts
 12753 | Lair:1   | Noticed an eight-headed hydra
 12780 | Lair:1   | Killed an eight-headed hydra
 12780 | Lair:1   | Reached XP level 12. HP: 66/79 MP: 12/12
 12848 | Lair:1   | Reached skill level 12 in Axes
 13495 | Lair:1   | Received a gift from Okawaru
 13663 | Lair:1   | Reached ****** piety under Okawaru
 13678 | Lair:1   | Received a gift from Okawaru
 14174 | Lair:2   | Noticed a six-headed hydra
 14215 | Lair:2   | Killed a six-headed hydra
 15244 | Lair:3   | Found a hole to the Spider Nest.
 15433 | Lair:3   | Found a shimmering altar of Xom.
 15757 | Lair:3   | Noticed Sonja
 15768 | Lair:3   | Cast into level 2 of the Abyss (Sonja)
 15870 | Abyss:2  | Noticed a starcursed mass
 16015 | Abyss:2  | Noticed a starcursed mass
 16030 | Abyss:2  | Noticed a thrashing horror
 16085 | Lair:3   | Escaped the Abyss
 16092 | Lair:3   | Killed Sonja
 16092 | Lair:3   | Reached skill level 13 in Axes
 16119 | Lair:3   | Received a gift from Okawaru
 16125 | Lair:3   | Reached XP level 13. HP: 68/84 MP: 13/13
 16213 | Lair:3   | Found a staircase to the Shoals.
 16946 | Lair:4   | Received a gift from Okawaru
 16951 | Lair:4   | Got a polished battleaxe {god gift}
 16952 | Lair:4   | Identified the +7 battleaxe "Cisof" {freeze, *Slow rPois
                  | Dex-5 SInv} (Okawaru gifted it to you on level 4 of the
                  | Lair of Beasts)
 17415 | Lair:4   | Got a crude hand axe
 17469 | Lair:3   | Identified the +5 hand axe "Saischec" {vorpal, Int+4} (You
                  | found it on level 4 of the Lair of Beasts)
 17781 | Lair:4   | Got a dazzling scale mail
 17978 | Lair:5   | Found a staircase to the Slime Pits.
 18054 | Lair:5   | Found a gate leading to a gauntlet.
 18062 | Gauntlet | Entered a Gauntlet
 18062 | Gauntlet | Found a transporter.
 18062 | Gauntlet | Found a transporter.
 18064 | Gauntlet | Found a transporter.
 18065 | Gauntlet | Found a transporter.
 18068 | Gauntlet | Found a transporter.
 18068 | Gauntlet | Found a transporter.
 18103 | Gauntlet | Found a transporter.
 18104 | Gauntlet | Found a transporter.
 18108 | Gauntlet | Found a runed translucent door.
 18108 | Gauntlet | Found a runed translucent door.
 18110 | Gauntlet | Noticed a death ooze
 18112 | Gauntlet | Found a transporter.
 18128 | Gauntlet | Found a transporter.
 18131 | Gauntlet | Noticed a balrug
 18142 | Gauntlet | Found a transporter.
 18146 | Gauntlet | Found a transporter.
 18317 | Gauntlet | Received a gift from Okawaru
 18339 | Gauntlet | Got a brightly glowing hat
 18346 | Gauntlet | Killed a death ooze
 18380 | Gauntlet | Identified the ring of Egalitarianism {Fire *Slow rElec rN+
                  | SInv}
 18380 | Gauntlet | Noticed a minotaur
 18397 | Gauntlet | Killed a minotaur
 18411 | Gauntlet | Got an encrusted hand axe
 18565 | Gauntlet | Identified the +7 hand axe of Supply {holy, rElec rC++ MR+
                  | Int-3} (You found it in a Gauntlet)
 19194 | Lair:5   | Received a gift from Okawaru
 19195 | Lair:5   | Found the +8 Wrath of Trog {antimagic, *Rage}
 19459 | Lair:5   | Reached skill level 14 in Axes
 20294 | Lair:4   | Gained mutation: Your large and strong wings let you fly
                  | indefinitely. [Gargoyle growth]
 20294 | Lair:4   | Reached XP level 14. HP: 54/92 MP: 14/14
 20513 | Lair:4   | Received a gift from Okawaru
 20821 | Lair:4   | Reached skill level 10 in Shields
 21411 | Lair:6   | Entered Level 6 of the Lair of Beasts
 21694 | Lair:6   | Got a steaming battleaxe
 21695 | Lair:6   | Identified the +1 scale mail "Naptus" {rF- MR+ Dex+3} (You
                  | found it on level 4 of the Lair of Beasts)
 21707 | Lair:6   | Identified the +1 hat "Arusch" {+Inv Dex+4} (You found it
                  | in a Gauntlet)
 21743 | Lair:6   | Received a gift from Okawaru
 21918 | Lair:6   | Found a runed translucent door.
 22206 | Lair:6   | Reached skill level 1 in Dodging
 22534 | Lair:6   | Identified the +11 battleaxe "Embalmer" {antimagic, rElec
                  | rC+} (You found it on level 6 of the Lair of Beasts)
 23701 | Lair:6   | Received a gift from Okawaru
 24259 | Lair:6   | Reached skill level 15 in Axes
 25187 | Orc:1    | Entered Level 1 of the Orcish Mines
 25360 | Orc:1    | Received a gift from Okawaru
 25570 | D:9      | Reached XP level 15. HP: 95/99 MP: 15/15
 25709 | Orc:1    | Noticed an orc warlord
 25851 | Orc:1    | Killed an orc warlord
 25862 | Orc:1    | Noticed Urug
 25874 | Orc:1    | Killed Urug
 26188 | Orc:2    | Entered Level 2 of the Orcish Mines
 26188 | Orc:2    | Found a staircase to the Elven Halls.
 26211 | Orc:1    | Noticed Erolcha
 26254 | Orc:2    | Found a frozen archway.
 26303 | IceCv    | Entered an ice cave
 27036 | Orc:1    | Killed Erolcha
 28513 | Orc:2    | Received a gift from Okawaru
 28859 | Orc:2    | Gained mutation: You occasionally shout uncontrollably at
                  | your foes. [a neqoxec]
 28866 | Orc:2    | Gained mutation: You sometimes yell uncontrollably at your
                  | foes. [a neqoxec]
 29491 | Orc:2    | Found Xutaem's General Store.
 29494 | Orc:2    | Found Nafadefug's General Store.
 29495 | Orc:2    | Found Dumis's Assorted Antiques.
 29496 | Orc:2    | Found Mavyfrusk's Armour Shoppe.
 29505 | Orc:2    | Bought a translucent executioner's axe for 285 gold pieces
 29505 | Orc:2    | Bought a potion of heal wounds for 95 gold pieces
 29505 | Orc:2    | Bought a scroll of teleportation for 57 gold pieces
 29505 | Orc:2    | Identified the cursed +3 executioner's axe of Destiny
                  | {freeze, +Inv rElec rF- MP+9} (You bought it in a shop on
                  | level 2 of the Orcish Mines)
 29510 | Orc:2    | Bought the cursed +0 pair of boots of Indemnity {+Blink
                  | rPois rCorr Dex+3} for 537 gold pieces
 29510 | Orc:2    | Bought the cursed +0 pair of gloves of the Cuttlefish
                  | {Str+8} for 430 gold pieces
 29534 | Orc:2    | Bought a +4 ring of evasion for 432 gold pieces
 29534 | Orc:2    | Bought a scroll of identify for 24 gold pieces
 29776 | Spider:1 | Entered Level 1 of the Spider Nest
 29786 | Spider:1 | Received a gift from Okawaru
 31415 | Spider:1 | Reached skill level 16 in Axes
 31961 | Spider:1 | Reached XP level 16. HP: 102/106 MP: 16/16
 32299 | Spider:2 | Reached skill level 5 in Dodging
 32323 | Spider:2 | Noticed Arachne
 32349 | Spider:2 | Killed Arachne
 32349 | Spider:2 | Received a gift from Okawaru
 34153 | Spider:4 | Entered Level 4 of the Spider Nest
 34245 | Spider:4 | Received a gift from Okawaru
 35740 | Spider:4 | Reached XP level 17. HP: 67/112 MP: 8/17
 36334 | Spider:4 | Received a gift from Okawaru
 36369 | Spider:4 | Reached skill level 17 in Axes
 36629 | Spider:4 | Got a gossamer rune of Zot
 36963 | D:12     | Noticed Maurice
 36978 | D:12     | Killed Maurice
 37073 | D:12     | Got a brightly glowing leather armour
 37074 | D:12     | Identified the +1 leather armour "Biggewic" {MR- Str+3
                  | Slay+4} (You found it on level 12 of the Dungeon)
 37168 | D:12     | You fall into a shaft and drop 3 floors!
 37168 | D:15     | Entered Level 15 of the Dungeon
 37245 | D:14     | Reached skill level 15 in Armour
 37277 | D:14     | Reached skill level 15 in Fighting
 37369 | D:14     | Noticed Jorgrun
 37391 | D:14     | Killed Jorgrun
 37601 | D:14     | Received a gift from Okawaru
 37689 | D:14     | Noticed Kirke
 37752 | D:14     | Killed Kirke
 37914 | D:14     | Found Fiatuuwoi's Antique Weapon Shop.
 37981 | D:14     | Found Dyrch's General Store.
 37989 | D:14     | Bought a scroll of teleportation for 51 gold pieces
 37991 | D:14     | Found Maleab's Antique Armour Shop.
 38006 | D:14     | Bought a pitted buckler for 323 gold pieces
 38287 | D:14     | Identified the -1 buckler "Viwaecs" {rN+++ MR- Regen+
                  | Slay+2} (You bought it in a shop on level 14 of the
                  | Dungeon)
 38302 | D:14     | Bought a masterwork scale mail for 306 gold pieces
 38302 | D:14     | Identified the +1 scale mail of Pandemonium {rC+ Str+2}
                  | (You bought it in a shop on level 14 of the Dungeon)
 38473 | D:14     | Found Feppom's Book Shoppe.
 38656 | D:13     | Found a gate to the Vaults.
 39637 | D:13     | Received a gift from Okawaru
 40018 | D:12     | Noticed Josephine
 40031 | D:12     | Killed Josephine
 40031 | D:12     | Received a gift from Okawaru
 40374 | D:12     | Found a runed translucent gate.
 40374 | D:12     | Found a runed translucent gate.
 40374 | D:12     | Found a runed translucent gate.
 40374 | D:12     | Noticed Naggiasi's ghost (journeyman KoAs)
 40374 | D:12     | Identified the +3 halberd "Pueceq" {speed, Int+6}
 40374 | D:12     | Identified the cursed +1 plate armour "Aqael" {rPois rCorr}
 40376 | D:12     | Identified the +3 plate armour of Generosity {Regen+}
 40394 | D:12     | Killed Naggiasi's ghost
 40394 | D:12     | Reached XP level 18. HP: 109/119 MP: 16/18
 40398 | D:12     | Found a roughly hewn altar of Beogh.
 40635 | D:12     | Identified the +0 helmet of Daffodils {Int+3} (You found it
                  | on level 12 of the Dungeon)
 40739 | Shoals:1 | Entered Level 1 of the Shoals
 40750 | Shoals:1 | Noticed Donald
 40771 | Shoals:1 | Killed Donald
 41025 | Shoals:1 | Noticed Aizul
 41050 | Shoals:1 | Killed Aizul
 41493 | Shoals:2 | Received a gift from Okawaru
 41498 | Shoals:2 | Identified the +7 battleaxe "Vufopimn" {freeze, rF+}
                  | (Okawaru gifted it to you on level 2 of the Shoals)
 41536 | Shoals:2 | Reached skill level 18 in Axes
 42614 | Shoals:4 | Entered Level 4 of the Shoals
 42791 | Shoals:4 | Got a smoking turquoise ring
 42872 | Shoals:4 | Noticed Bai Suzhen
 42903 | Shoals:4 | Killed Bai Suzhen
 42927 | Shoals:4 | Noticed Roxanne
 42979 | Shoals:4 | Received a gift from Okawaru
 43699 | Shoals:4 | Found Wokkuhed's Distillery.
 43721 | Shoals:4 | Bought a potion of heal wounds for 65 gold pieces
 43731 | Shoals:4 | Identified the +6 hand crossbow of Mayhem {freeze, rPois
                  | rC+}
 44146 | Shoals:4 | Received a gift from Okawaru
 44146 | Shoals:4 | Reached XP level 19. HP: 104/125 MP: 19/19
 44149 | Shoals:4 | Got a pair of dazzling gloves {god gift}
 44165 | Shoals:4 | Identified the +0 pair of gloves of Wisdom {rElec rC+ MR+
                  | rCorr} (Okawaru gifted it to you on level 4 of the Shoals)
 44321 | Shoals:4 | Got a barnacled rune of Zot
 44557 | Vaults:1 | Entered Level 1 of the Vaults
 46002 | Vaults:1 | Paralysed by an ogre mage for 3 turns
 46116 | Vaults:1 | Reached skill level 19 in Axes
 46252 | Vaults:1 | Received a gift from Okawaru
 46784 | Vaults:1 | Reached skill level 15 in Shields
 48023 | Vaults:2 | Reached XP level 20. HP: 131/131 MP: 20/20
 48153 | Vaults:2 | Received a gift from Okawaru
 48198 | Vaults:2 | Reached skill level 10 in Dodging
 48944 | Vaults:2 | Received a gift from Okawaru
 49220 | Vaults:2 | Reached skill level 20 in Axes
 49322 | Vaults:2 | Received a gift from Okawaru
 49881 | Vaults:2 | Found a staircase to the Crypt.
 49990 | Crypt:1  | Entered Level 1 of the Crypt
 50260 | Vaults:3 | Got a jewelled war axe
 50261 | Vaults:3 | Identified the ring "Igafut" {rF+ MP+9 Str+2 Int+2 Dex+4}
                  | (You found it on level 4 of the Shoals)
 50262 | Vaults:3 | Identified the cursed +1 war axe of Hepliaklqana's Respect
                  | {protect, Int+4} (You found it on level 3 of the Vaults)
 51037 | Vaults:3 | Reached XP level 21. HP: 125/136 MP: 21/21
 51757 | Vaults:4 | Found Mereahul's Weapon Emporium.
 51839 | Vaults:4 | Found Luiw Wide's Armour Boutique.
 52218 | Vaults:4 | Found Kutitui's Gadget Shoppe.
 52258 | Vaults:4 | Received a gift from Okawaru
 52884 | Vaults:4 | Found Xousid's Antique Weapon Emporium.
 53134 | Vaults:4 | Found Gyecveon's Antique Weapon Emporium.
 53283 | Vaults:4 | Bought a shimmering broad axe for 252 gold pieces
 53283 | Vaults:4 | Identified the +9 broad axe of the Final Chapter {elec,
                  | rElec rC+ Dex-5} (You bought it in a shop on level 4 of the
                  | Vaults)
 53341 | Vaults:4 | Received a gift from Okawaru
 53874 | Vaults:4 | Noticed Frederick
 53885 | Vaults:4 | Killed Frederick
 54213 | Vaults:4 | Noticed Margery
 54235 | Vaults:4 | Killed Margery
 54237 | Vaults:4 | Reached skill level 21 in Axes
 54630 | Elf:1    | Entered Level 1 of the Elven Halls
 55944 | Elf:1    | Received a gift from Okawaru
 56203 | Elf:2    | Reached XP level 22. HP: 141/145 MP: 22/22
 56243 | Elf:2    | Found Aphik's Magic Scroll Emporium.
 56247 | Elf:2    | Found Voirghid's Assorted Antiques.
 56271 | Elf:2    | Found a flickering gateway to a bazaar.
 56281 | Bazaar   | Entered a bazaar
 56281 | Bazaar   | Found Aczudw Inaqi's Antique Armour Boutique.
 56281 | Bazaar   | Found Puvoe's Gadget Emporium.
 56281 | Bazaar   | Found Ihoujij's Distillery.
 56282 | Bazaar   | Found Gemeti Idye's Weapon Shoppe.
 56282 | Bazaar   | Found Xuxy's Gadget Shoppe.
 56339 | Elf:2    | Noticed Louise
 56369 | Elf:2    | Killed Louise
 56611 | Elf:2    | Found a huge runed translucent gate.
 56611 | Elf:2    | Found a huge runed translucent gate.
 56611 | Elf:2    | Found a huge runed translucent gate.
 56622 | Elf:2    | Found a huge runed translucent gate.
 56623 | Elf:2    | Found a huge runed translucent gate.
 56898 | Elf:3    | Entered Level 3 of the Elven Halls
 57478 | Elf:3    | Cast into level 2 of the Abyss (a deep elf sorcerer)
 58065 | Abyss:3  | Paralysed by accursed screaming for 1 turns
 58067 | Abyss:3  | Received a gift from Okawaru
 58092 | Elf:3    | Escaped the Abyss
 58098 | Elf:3    | Reached skill level 22 in Axes
 58126 | Elf:3    | Cast into level 2 of the Abyss (+5 trident of distortion)
 58588 | Elf:3    | Escaped the Abyss
 58997 | Elf:3    | Reached XP level 23. HP: 150/152 MP: 23/23
 59013 | Elf:3    | Cast into level 3 of the Abyss (+5 trident of distortion)
 59346 | Abyss:3  | Found a glowing golden altar of the Shining One.
 59403 | Abyss:3  | Noticed a juggernaut
 59412 | Abyss:3  | Killed a juggernaut
 59416 | Abyss:3  | Got an abyssal rune of Zot
 59421 | Elf:3    | Escaped the Abyss
 59428 | Elf:3    | Received a gift from Okawaru
 59864 | D:15     | Found a staircase to the Depths.
 60217 | Depths:1 | Entered Level 1 of the Depths
 60404 | Depths:1 | Found a gateway to a ziggurat.
 60517 | Depths:1 | Found the +3 sling "Punk" {acid, rCorr}
 60623 | Depths:1 | Identified Sif Muna's Papyrus of Gliding Arcane Weapons
 61165 | Depths:1 | Found a gateway to Hell.
 61477 | D:14     | Bought the +2 hat of the Bear Spirit {Spirit, +Rage rN+
                  | MR++} for 1329 gold pieces
 61477 | D:14     | Found the +2 hat of the Bear Spirit {Spirit, +Rage rN+
                  | MR++}
 61644 | Depths:2 | Received a gift from Okawaru
 61669 | Depths:2 | Paralysed by a floating eye for 4 turns
 61746 | Depths:2 | Got a heavily runed granite ring
 61749 | Depths:2 | Identified the ring "Doqidyt" {Str+2 Int+6} (You found it
                  | on level 2 of the Depths)
 61773 | Depths:2 | Noticed a juggernaut
 61788 | Depths:2 | Reached skill level 23 in Axes
 61789 | Depths:2 | Killed a juggernaut
 61847 | Depths:2 | Paralysed by a floating eye for 2 turns
 61863 | Depths:2 | Found Qaismek's Food Shop.
 61913 | Depths:2 | Identified a scroll of acquirement
 61936 | Depths:2 | Received a gift from Okawaru
 61936 | Depths:2 | Noticed Sojobo
 61963 | Depths:2 | Killed Sojobo
 61963 | Depths:2 | Reached XP level 24. HP: 105/160 MP: 23/23
 62169 | Depths:2 | Got a transparent brass ring
 62172 | Depths:2 | Identified the ring "Bausouce" {+Inv MR+++ Slay+4 SInv
                  | Stlth+} (You found it on level 2 of the Depths)
 62205 | Depths:2 | Paralysed by a floating eye for 3 turns
 62211 | Depths:2 | Paralysed by a floating eye for 2 turns
 62265 | Depths:2 | Got a shimmering brass ring
 62266 | Depths:2 | Identified the ring "Lecoyck" {Ice Str+8 Int-4} (You found
                  | it on level 2 of the Depths)
 62270 | Depths:2 | Got a scorched helmet
 62271 | Depths:2 | Identified the cursed +0 helmet "Haenwog" {rC- rCorr Dex+7
                  | Slay+3} (You found it on level 2 of the Depths)
 62316 | Depths:2 | Found Rotro's Magic Scroll Emporium.
 62328 | Depths:2 | Bought a scroll of teleportation for 60 gold pieces
 62328 | Depths:2 | Bought a scroll of teleportation for 60 gold pieces
 62328 | Depths:2 | Bought a scroll of identify for 40 gold pieces
 62328 | Depths:2 | Bought a scroll of identify for 40 gold pieces
 62640 | Depths:2 | Identified the ring of Fonu {rC+ rN+ MR+ Str+6 Int-4} (You
                  | found it on level 2 of the Depths)
 62710 | Depths:2 | Found Luujotego's Jewellery Emporium.
 63170 | Depths:3 | Received a gift from Okawaru
 63213 | Depths:3 | Noticed a juggernaut
 63221 | Depths:3 | Killed a juggernaut
 63426 | Depths:3 | Received a gift from Okawaru
 63621 | Depths:3 | Identified the +9 battleaxe of the World {vorpal, rElec rF-
                  | Str+2 Dex+2}
 63829 | Depths:3 | Found a one-way gate leading to the halls of Pandemonium.
 63842 | Depths:3 | Reached skill level 24 in Axes
 64022 | Depths:3 | Found a one-way gate to the infinite horrors of the Abyss.
 64239 | Depths:4 | Noticed Saint Roka
 64262 | Depths:3 | Killed Saint Roka
 64570 | Depths:4 | Reached XP level 25. HP: 144/168 MP: 23/23
 64662 | Depths:4 | Received a gift from Okawaru
 64927 | Depths:4 | Noticed a juggernaut
 64937 | Depths:4 | Killed a juggernaut
 64981 | Depths:4 | Received a gift from Okawaru
 65033 | Depths:5 | Entered Level 5 of the Depths
 65308 | Depths:5 | Reached skill level 15 in Dodging
 65784 | Depths:5 | Noticed an ancient lich
 65798 | Depths:5 | Killed an ancient lich
 66695 | Depths:5 | Found a gate to the Realm of Zot.
 67468 | Zot:1    | Entered Level 1 of the Realm of Zot
 67502 | Zot:1    | Reached skill level 25 in Axes
 68387 | Zot:1    | Received a gift from Okawaru
 68409 | Zot:1    | Identified the +1 hat of Hatireu {rF++ rC+} (Okawaru gifted
                  | it to you on level 1 of the Realm of Zot)
 68863 | Zot:1    | Reached XP level 26. HP: 177/177 MP: 23/23
 70723 | Zot:4    | HP: 7/177 [yellow draconian monk (19)]
 70731 | Zot:4    | HP: 5/265 [yellow draconian monk (29)]
 70741 | Zot:4    | Slain by a yellow draconian

Illustrated notes

Levels and vault maps discovered:
D:1:      dpeg_arrival_connections, layout_basic, minmay_misc_feat_square,
          minmay_misc_feat_cross
D:2:      layout_rooms, kennysheep_potato, uniq_terence, uniq_jessica
D:3:      layout_loops_ring, chequers_ecumenical_altar_simple,
          okawaru_gym_becter, uniq_robin, uniq_sigmund
D:4:      layout_basic, enter_ossuary_1, first_ration,
          minmay_increasing_density, uniq_edmund, uniq_natasha
D:5:      layout_basic, kennysheep_mini_moat, minmay_temple_entry_mist,
          uniq_menkaure
D:6:      layout_basic, tso_altar, nemelex_altar_shiori
D:7:      layout_basic, grunt_temple_overflow_open, grunt_ogre_cave, uniq_harold
D:8:      layout_basic, serial_shops, shop
D:9:      layout_basic, trog_ov_bears_minmay, orc_david_3, ashenzari_altar_1
D:10:     layout_gridville, hangedman_feature_mirror, glass_columns_a,
          kennysheep_generic_room_15
D:11:     layout_roguey, erik_lair_orcish_takeover
D:12:     layout_loops_ring, biasface_ghost_orc_armoury, uniq_maurice,
          uniq_josephine
D:13:     layout_irregular_city, erik_vaults_2, kennysheep_cross_bottleneck
D:14:     layout_big_octagon, serial_shops, shop_statue, shop, shop, shop,
          uniq_kirke, uniq_jorgrun
D:15:     gammafunk_depths_entry_grave, layout_cave_pools,
          minmay_misc_feat_rugged
Lair:1:   lemuel_reptile_caves, layout_gridlike
Lair:2:   layout_regular_city
Lair:3:   layout_roguey, minmay_shoals_entry_centaurs, dummy_spider_entry,
          kb_xom_exploding_sheep, uniq_sonja
Lair:4:   layout_roguey
Lair:5:   layout_layer_cave, minmay_slime_entry_eyes, gauntlet_entry_generic,
          minmay_lair_oklob_chamber, lemuel_fruit_fields
Lair:6:   hangedman_lair_tendril_chambers, layout_gridlike, wormcave
Shoals:1: layout_shoals, serial_shops,
          nicolae_shop_temple_entry_statues_fountains, shop,
          nicolae_shoals_siren_and_animal_friends, uniq_donald, uniq_aizul
Shoals:2: layout_shoals
Shoals:3: layout_shoals
Shoals:4: shoals_end_grunt_garden, layout_shoals, serial_shops,
          nicolae_shop_waterfront, nicolae_shop_behind_doors,
          nicolae_shoals_circle_sea_wall, uniq_roxanne, uniq_bai_suzhen
Spider:1: layout_spider_delve, nicolae_spider_webbed_stairs
Spider:2: layout_spider_delve, uniq_arachne
Spider:3: layout_spider_delve
Spider:4: grunt_spider_rune_circles
Orc:1:    layout_diamond_mine, uniq_erolcha, uniq_urug
Orc:2:    st_orc_pillars, layout_diamond_mine, portal_ice_cave_entry_ice_beasts
Elf:1:    layout_onion_city, hangedman_elf_represent
Elf:2:    layout_rooms, serial_shops, bzr_entry_islet, shop, shop, uniq_louise
Elf:3:    grunt_elf_hall_diamonds, layout_geoelf_grid, grunt_ministairs_9
Vaults:1: hangedman_vaults_nails, hangedman_vaults_nails,
          dpeg_vaults_monster_row, hangedman_vaults_restitches,
          nicolae_vaults_little_ls, hangedman_vaults_stretched_pinwheel,
          hangedman_vaults_pinch, nicolae_vaults_angled_halls,
          nicolae_vaults_border_crossing, vaults_room_pools,
          ontoclasm_vaults_twist, vaults_dpeg_ring,
          nicolae_vaults_little_squares_3, layout_vaults_chaotic_city
Vaults:2: vaults_mumra_hex, vaults_room_boxed, vaults_standard_mumra_lines,
          hangedman_vaults_nails, v_misc_16, v_alt_pattern_5,
          nicolae_vaults_network_quinsquares
          [nicolae_vaults_network_quincunx_subvault,
          nicolae_vaults_network_quincunx_subvault,
          nicolae_vaults_network_quincunx_subvault,
          nicolae_vaults_network_quincunx_subvault], vaults_room_door_ring,
          nicolae_vaults_little_squares_4, layout_vaults_quadrants,
          minmay_crypt_entry_simple_box
Vaults:3: vaults_dpeg_hooks, vaults_room_fours, vaults_room_octagon,
          nicolae_vaults_specimen_jars, hangedman_vaults_nodes, v_pattern_1,
          ontoclasm_vaults_fault, v_misc_33, nicolae_vaults_disjoint_gnomons,
          ontoclasm_vaults_decontamination, vaults_room_ringed_pool,
          nicolae_vaults_three_branches, nicolae_vaults_little_squares_3,
          ontoclasm_vaults_gateway, layout_vaults_big_cross
Vaults:4: grunt_vaults_twisty, v_misc_30, vaults_dpeg_cross, st_cross,
          vaults_room_octagon, nicolae_vaults_network_s,
          nicolae_vaults_little_squares_1, v_misc_3, grunt_vaults_trifunnel,
          vaults_standard_mumra_x, nicolae_vaults_little_squares_5,
          nicolae_vaults_rhombus_7, vaults_room_semicircle,
          layout_vaults_omnibox, serial_shops, shop, shop, shop,
          nicolae_shop_temple_entry_statues_fountains, shop, uniq_margery,
          uniq_frederick
Crypt:1:  layout_chaotic_city, serial_sigils_hangedman_shear,
          roderic_lattice_octagonal_star
Depths:1: layout_basic, enter_ziggurat_d, hangedman_decor_slide_cut,
          pf_coc_iceberg, minmay_checkered_concentric_circles, firewood_loft
Depths:2: hangedman_spin_cycle, hell_entry, uniq_sojobo
Depths:3: minmay_the_grid_triangle_9x9_rhombus_thin
          [minmay_the_grid_triangle_9x9_longest,
          minmay_the_grid_triangle_9x9_prize_center,
          minmay_the_grid_triangle_9x9_flanged_cone,
          minmay_the_grid_triangle_9x9_thin_v], layout_basic,
          rand_demon_pan_entry_8, pf_hell_entry_great_geh, abyss_entry,
          grunt_decor_arrowhead, infiniplex_staircase_pool_2
Depths:4: hangedman_arch_fort, layout_cave_pools, hell_entry, moated_statue,
          abyss_entry, corner_web_ring, uniq_boris, uniq_saint_roka
Depths:5: grunt_zot_entry_hairpin, layout_cave_shapes, nicolae_water_bricks,
          lightli_too_deep
Zot:1:    layout_gridlike
Zot:2:    layout_onion_interference, grunt_ministairs_7,
          hangedman_snake_sidewinding
Zot:3:    layout_gridlike
Zot:4:    layout_basic, hangedman_elemental_grid_stream

Skill      XL: |  1  2  3  4  5  6  7  8  9 10 11 12 13 14 15 16 17 18 19 20 21 22 23 24 25 |
---------------+----------------------------------------------------------------------------+-----
Axes           | 2 3 4 5 7 9 10 11 13 14 15 16 17 18 19 20 21 22 23 24 25 | 25.7
Fighting       | 4 5 6 8 9 10 11 12 13 14 15 16 17 18 19 20 21 | 21.5
Armour         | 4 5 6 8 9 10 11 12 13 14 15 16 17 18 | 18.2
Shields        | 4 6 8 9 10 11 12 13 14 15 | 15.0
Dodging        | 2 4 6 7 8 9 10 11 12 13 14 15 | 15.4

Action                   |  1- 3 |  4- 6 |  7- 9 | 10-12 | 13-15 | 16-18 | 19-21 | 22-24 | 25-27 || total
-------------------------+-------+-------+-------+-------+-------+-------+-------+-------+-------++-------
Melee: War axe           |   137 |   240 |   537 |   148 |   315 |  1894 |  1597 |       |       ||  4868
       Hand axe          |       |       |       |  1164 |  1848 |       |       |       |       ||  3012
       Punch             |       |       |       |     2 |     5 |       |       |       |       ||     7
       Battleaxe         |       |       |       |       |    28 |       |       |       |       ||    28
       Executioner's axe |       |       |       |       |       |     9 |       |       |       ||     9
       Broad axe         |       |       |       |       |       |       |   261 |  1633 |   746 ||  2640
Invok: Heroism           |       |       |     4 |     9 |    23 |    25 |    20 |    18 |     8 ||   107
       Finesse           |       |       |       |       |       |       |     1 |     1 |       ||     2
 Abil: Fly               |       |       |       |       |       |     1 |       |     3 |       ||     4
       Stop Flying       |       |       |       |       |       |       |     1 |     3 |       ||     4
Evoke: Wand              |       |       |       |    20 |     7 |    24 |       |       |       ||    51
       Lightning rod     |       |       |       |       |     7 |     4 |       |       |       ||    11
  Use: Potion            |       |     1 |     1 |     3 |     7 |     7 |     4 |     8 |     6 ||    37
       Scroll            |       |       |     3 |    27 |    10 |    19 |    14 |    12 |     1 ||    86
 Stab: Distracted        |       |       |       |       |     1 |       |     1 |     1 |       ||     3
       Invisible         |       |       |       |       |    17 |       |     2 |       |       ||    19
       Confused          |       |       |       |       |       |     4 |       |       |       ||     4
       Fleeing           |       |       |       |       |       |       |     1 |       |       ||     1
  Eat: Chunk             |     1 |     6 |    14 |    29 |    25 |    21 |    34 |    22 |     9 ||   161
       Ration            |       |       |     2 |     2 |     7 |     6 |     2 |     2 |     4 ||    25
Armor: Plate armour      |   178 |   221 |   457 |   847 |  1315 |   561 |       |       |       ||  3579
       Crystal plate arm |       |       |       |       |       |   299 |   522 |   589 |   336 ||  1746
Dodge: Dodged            |    70 |    80 |   175 |   280 |   751 |   864 |   452 |   494 |   245 ||  3411
       Repelled          |       |       |       |       |       |       |       |       |     5 ||     5
Block: Kite shield       |       |       |       |       |       |  1500 |  1299 |   903 |   537 ||  4239
       Reflection        |       |       |       |       |       |    28 |   181 |    51 |     9 ||   269
